 Dungeon Crawl Stone Soup version 0.25.1-2-g60ff931df9 (webtiles) character file.

Game seed: 16154787247481301348

279 Araneus the Ruffian (level 6, -1/47 HPs)
             Began as a Draconian Transmuter on Sept 25, 2020.
             Slain by an orc priest
             ... wielding a +0 hand axe
              (7 damage)
             ... on level 4 of the Dungeon.
             The game lasted 00:16:20 (4024 turns).

Araneus the Ruffian (Draconian Transmuter)          Turns: 4024, Time: 00:16:21

Health: -1/47      AC:  7    Str: 10 (13) XL:     6   Next: 5%
Magic:  1/9        EV: 12    Int: 11 (14) God:
Gold:   224        SH:  0    Dex: 10 (12) Spells: 6/9 levels left

rFire    + . .     SeeInvis .     - Unarmed
rCold    + + .     Gourm    .   (no shield)
rNeg     + . .     Faith    .   (armour unavailable)
rPois    +         Spirit   .   (helmet restricted)
rElec    +         Reflect  .   (no cloak)
rCorr    +         Harm     .   (no gloves)
MR       .....                  o - +0 pair of boots
Stlth    +.........             (no amulet)
HPRegen  0.15/turn              g - ring of positive energy
MPRegen  0.11/turn              k - ring of protection from cold

@: brilliant, resistant
A: unfitting armour, big wings, mutation resistance 1, cold-blooded, AC +6
a: Fly


You were on level 4 of the Dungeon.
You were very hungry.

You visited 1 branch of the dungeon, and saw 4 of its levels.

You collected 224 gold pieces.

Inventory:

Missiles
 a - 42 arrows
Armour
 o - a +0 pair of boots (worn)
Jewellery
 g - a ring of positive energy (left hand)
 k - a ring of protection from cold (right hand)
Scrolls
 b - a scroll of remove curse
 d - a scroll of magic mapping
 e - 2 scrolls of identify {unknown}
 h - a scroll of fear {unknown}
 j - 2 scrolls of noise
 m - a scroll of fog {unknown}
 p - 2 scrolls of enchant weapon {unknown}
 s - a scroll of immolation {unknown}
Potions
 i - a potion of stabbing
 n - a potion of mutation
Comestibles
 c - 10 rations


   Skills:
 - Level 1.1 Fighting
 - Level 1.7 Dodging
 + Level 5.8 Unarmed Combat
 - Level 2.0 Spellcasting
 + Level 3.9 Transmutations


You had 6 spell levels left.
You knew the following spells:

 Your Spells              Type           Power        Failure   Level  Hunger
a - Beastly Appendage     Tmut           ##....       6%          1    None
b - Sticks to Snakes      Tmut           ##......     9%          2    None

Your spell library contained the following spells:

 Spells                   Type           Power        Failure   Level  Hunger
 Spider Form              Tmut/Pois      #.........   36%         3    None
 Ice Form                 Ice/Tmut       #.......     78%         4    None
 Blade Hands              Tmut           ##........   85%         5    None


Dungeon Overview and Level Annotations

Branches:
Dungeon (4/15)
 Temple: D:4-7

Altars:
Ru

Annotations:
D:4 Dowan, Duvessa


Innate Abilities, Weirdness & Mutations

Your plain brown scales are hard. (AC +6)
You cannot fit into any form of body armour.
You are cold-blooded and may be slowed by cold attacks.
Your large and strong wings let you fly indefinitely.
You are somewhat resistant to further mutation.


Message History

Dowan gestures at you while chanting.
The puff of flame hits you but does no damage.
It was a potion of brilliance.
You feel clever all of a sudden. Duvessa hits you with a +0 short sword!
The orc priest hits you but does no damage.
Dowan hits you but does no damage.
It was a potion of resistance.
You feel protected. Duvessa hits you with a +0 short sword.
The orc priest calls down the wrath of Beogh upon you.
Beogh smites you!
* * * LOW HITPOINT WARNING * * *
Dowan barely misses you.
It was a potion of degeneration.
There was something very wrong with that liquid.
You feel weakened.
You feel dopey.
You feel clumsy. Duvessa completely misses you.
The orc priest hits you with a +0 hand axe!
You die...

,,* ####.......####.[..# ,,*
**#.....##.#.# ###o## ,,*
#**#..[######...# #.#
,,**##....#** ####..#### #<#
,,,*...##** ##........## #e#
,,,,,,...## ##..........###.#
,,*****#..###....[.......##.#
,,* *#..##...eo.......##.#
*** ###.......@e.......#..#
#######....<##..........##.##
........###..)#...##.....#.*
######### ###..#########.#,*
##############........**.#,*
......................,,,#,*
######################,,,,,**
***,,,,* **,,,*


You could see Duvessa, Dowan and an orc priest.

Vanquished Creatures
  3 orc wizards
  A bullfrog skeleton (D:4)
  Robin (D:2)
  5 adders
  An ooze (D:2)
  2 worms (D:2)
  5 dart slugs
  A leopard gecko (D:1)
  3 orcs
  3 ball pythons
  20 giant cockroaches
  15 goblins
  8 hobgoblins
  4 kobolds
  A quokka (D:4)
  8 bats
  12 frilled lizards
  11 rats
104 creatures vanquished.

Notes
Turn   | Place    | Note
-------+----------+-------------------------------------------
     0 | D:1      | Araneus the Draconian Transmuter began the quest for the
                  | Orb.
     0 | D:1      | Reached XP level 1. HP: 16/16 MP: 3/3
    93 | D:1      | Reached XP level 2. HP: 20/23 MP: 3/5
   102 | D:1      | Learned a level 2 spell: Sticks to Snakes
   583 | D:1      | Reached skill level 4 in Unarmed Combat
   640 | D:1      | Reached XP level 3. HP: 28/28 MP: 4/6
  1008 | D:2      | You fall into a shaft and drop 1 floor!
  1164 | D:2      | Noticed Robin
  1200 | D:2      | Reached XP level 4. HP: 17/35 MP: 3/7
  1237 | D:2      | Killed Robin
  2064 | D:2      | Reached skill level 5 in Unarmed Combat
  2623 | D:3      | Reached XP level 5. HP: 35/40 MP: 6/8
  3191 | D:3      | Found a sacrificial altar of Ru.
  3596 | D:4      | Noticed a phantom
  3684 | D:4      | Noticed Duvessa
  3686 | D:4      | Noticed Dowan
  4015 | D:4      | Reached XP level 6. HP: 38/47 MP: 0/9
  4021 | D:4      | Gained mutation: Your large and strong wings let you fly
                  | indefinitely. [potion of mutation]
  4021 | D:4      | Gained mutation: You are somewhat resistant to further
                  | mutation. [potion of mutation]
  4024 | D:4      | Slain by an orc priest

Illustrated notes

Levels and vault maps discovered:
D:1:      psy_arrival_dodecagon, layout_rooms, minmay_lizard_pond
D:2:      layout_basic, minmay_tripent, uniq_robin
D:3:      minmay_roachtagon, layout_rooms, first_ration,
          nicolae_ru_great_annihilating_truth
D:4:      layout_rooms, kennysheep_decorative_pillar,
          minmay_fractal_squares_gapless_5, uniq_duvessa

Skill      XL: |  1  2  3  4 |
---------------+-------------+-----
Unarmed Combat | 4 5 |  5.8
Transmutations | 3 |  3.9
Fighting       | |  1.1
Dodging        | |  1.7
Spellcasting   | |  2.0

Action                   |  1- 3 |  4- 6 || total
-------------------------+-------+-------++-------
Melee: Unarmed           |   136 |   204 ||   340
       Tailslap          |     8 |    21 ||    29
       Kick              |     4 |     4 ||     8
       Headbutt          |     8 |    17 ||    25
       Punch             |       |     4 ||     4
 Cast: Beastly Appendage |    22 |    32 ||    54
       Sticks to Snakes  |     1 |    20 ||    21
  Use: Potion            |       |     8 ||     8
       Scroll            |       |     5 ||     5
 Stab: Sleeping          |     1 |       ||     1
       Paralysed         |       |     2 ||     2
       Distracted        |       |     1 ||     1
  Eat: Chunk             |     1 |    11 ||    12
Armor: Skin              |    48 |    75 ||   123
Dodge: Dodged            |    83 |   128 ||   211
